Map: Bel'Shir Vestige LE (Void)

Players

Railgan - Winner!

  • Race: Zerg Zerg
  • League: Grandmaster
  • Spawn Location: 5:00

Stephano

  • Race: Zerg Zerg
  • League: Grandmaster
  • Spawn Location: 11:00

VOD

Have the link to the VOD?

Description

Time

  • Played on: March 24, 2017, 7:26 p.m.
  • Length: 4:01
Show
View Real Time Build Order
Export as new Build Order

Railgan Zerg - Winner!

Build Orders: Pool Only 

Get SALT Encoding   

  12  0:19  Spawning Pool  
  11  0:22  Drone  
  11  0:26  Drone  
  13  0:30  Drone  
  14  0:40  Overlord  
  14  0:44  Extractor  
  13  1:06  Zergling x6, Queen  
  18  1:17  Zergling x2  
  19  1:29  Zergling x2  
  20  1:38  Zergling x2  
  21  1:48  Metabolic Boost  
  21  1:50  Zergling x2  
  22  2:00  Overlord  
  22  2:12  Baneling Nest, Zergling x2  
  22  2:19  Zergling x4  
  22  2:22  Zergling x2  
  21  2:31  Zergling x2  
  16  2:40  Zergling x2  
  17  2:49  Zergling x2  
  18  2:52  Zergling x6  
  21  3:03  Baneling x2  
  21  3:04  Drone  
  22  3:16  Zergling x2  
  22  3:18  Queen  
  24  3:27  Zergling x2  
  24  3:40  Zergling x2  
Show
View Real Time Build Order
Export as new Build Order

Stephano Zerg 

Build Orders: Pool First 

Get SALT Encoding   

  12  0:19  Spawning Pool  
  12  0:21  Drone  
  12  0:25  Drone  
  13  0:30  Drone  
  14  0:39  Overlord  
  14  1:06  Zergling x6  
  17  1:18  Zergling x2  
  18  1:22  Hatchery  
  17  1:28  Extractor  
  17  1:30  Zergling x2  
  17  1:33  Queen  
  19  1:42  Zergling x2  
  20  1:50  Zergling x2  
  21  2:02  Zergling x2  
  22  2:17  Overlord  
  20  2:33  Zergling x4  
  20  2:38  Drone, Metabolic Boost  
  21  2:44  Drone x3  
  21  2:47  Drone  
  25  2:55  Zergling x2  
  26  2:59  Zergling x4  
  28  3:12  Zergling x4  
  25  3:23  Zergling x4  
  24  3:27  Zergling x6  
  24  3:33  Zergling x2  
  24  3:38  Zergling x2  
Tags
 
Add a new tag
Caveats
  • Supply blocks, unpowered buildings, or Contaminate may cause inaccurate times.
  • Supply counts are checked every 10 seconds.